 Dungeon Crawl Stone Soup version 0.19-a0-1626-g5215c36 (webtiles) character file.

213471 4thArraOfDagon the Fencer (level 18, -3/138 HPs)
             Began as a Vampire Gladiator on Sept 18, 2016.
             Was a High Priest of Okawaru.
             Slain by a swamp dragon (16 damage)
             ... on level 4 of the Swamp.
             The game lasted 01:51:05 (19288 turns).

4thArraOfDagon the Fencer (Vampire Gladiator)      Turns: 19288, Time: 01:51:06

Health: -3/138     AC: 27    Str: 14    XL:     18   Next: 27%
Magic:  36/36      EV: 25    Int: 18    God:    Okawaru [*****.]
Gold:   847        SH:  0    Dex: 17    Spells: 2 memorised, 6 levels left

rFire  + . .     SeeInvis +     A - +4 scimitar (flame)
rCold  . . .     Gourm    .     R - +6 ring mail of Hedonism {rPois MP+9 Int+3 Dex-3}
rNeg   . . .     Faith    .     (no shield)
rPois  +         Spirit   .     P - +3 crown of Dyrovepreva {rElec Int+2 SInv}
rElec  +         Dismiss  .     F - +0 cloak
rCorr  .         Reflect  .     S - +1 pair of gloves
MR     +....     Harm     .     y - +2 pair of boots
Stlth  +++.......               Z - amulet of rage
                                p - +2 ring of protection
                                a - ring of protection from fire

@: heroism, finesse, regenerating quickly, studying 2 skills
A: fangs 3, see invisible, mutation resistance 1, unbreathing, MP-powered wands
a: Heroism, Finesse, Renounce Religion, Evoke Berserk Rage
}: 1/15 runes: serpentine


You were on level 4 of the Swamp.
You worshipped Okawaru.
Okawaru was extremely pleased with you.
You were very full.

You visited 7 branches of the dungeon, and saw 35 of its levels.
You visited the Abyss 1 time.
You also visited: Ossuary and Ice Cave.

You collected 3690 gold pieces.
You spent 2843 gold pieces at shops.

Inventory:

Hand Weapons
 A - a +4 scimitar of flaming (weapon)
 C - a +9 great sword of electrocution
Missiles
 d - 3 throwing nets (quivered)
Armour
 m - the +8 chain mail of Okawaru's Hope {Dex+2, unknown}
   (Okawaru gifted it to you on level 4 of the Swamp)

   It affects your dexterity (+2).
 y - a +2 pair of boots (worn)
 F - a +0 cloak (worn)
 L - the +0 pair of boots of Jemeasch {rElec}
   (You found it on level 3 of the Elven Halls)

   It insulates you from electricity.
 P - the +3 crown of Dyrovepreva (worn) {rElec Int+2 SInv}
   (You acquired it on level 6 of the Lair of Beasts)

   It affects your intelligence (+2).
   It insulates you from electricity.
   It lets you see invisible.
 R - the +6 ring mail of Hedonism (worn) {rPois MP+9 Int+3 Dex-3}
   (You found it on level 3 of the Elven Halls)

   It affects your intelligence (+3).
   It affects your dexterity (-3).
   It protects you from poison.
   It affects your magic capacity (+9).
 S - a +1 pair of gloves (worn)
 W - a +2 troll leather armour
Jewellery
 a - a ring of protection from fire (left hand)
 b - an uncursed ring of protection from cold
 f - an uncursed ring of positive energy
 l - an uncursed ring of flight
 p - a +2 ring of protection (right hand)
 w - an uncursed ring of fire
 Q - an uncursed ring of wizardry
 V - a +2 ring of dexterity
 Z - an amulet of rage (around neck)
Wands
 g - a wand of polymorph (9/24)
 k - a wand of teleportation (0/9)
 n - a wand of heal wounds (0/9)
 q - a wand of teleportation (0/9)
 s - a wand of heal wounds (0/9)
 K - a wand of iceblast (0/15)
 N - a wand of acid (5/15)
 T - a wand of hasting (0/9)
 X - a wand of teleportation (0/9)
Scrolls
 t - 7 scrolls of remove curse
 v - 5 scrolls of fog
 x - 3 scrolls of magic mapping
 U - a scroll of immolation
Potions
 c - a potion of ambrosia
 e - 38 potions of blood
 j - 4 potions of cure mutation
 o - a potion of invisibility
 u - 5 potions of lignification
 z - 2 potions of agility
 B - 3 potions of berserk rage
 D - a potion of magic
 E - a potion of might
 G - 4 potions of curing
 H - 3 potions of cancellation
 I - 6 potions of brilliance
 O - 5 potions of haste
 Y - 3 potions of flight
Books
 h - a manual of Spellcasting
 M - a manual of Transmutations
Miscellaneous
 i - a box of beasts
 r - a lamp of fire


   Skills:
 + Level 11.6(16.6) Fighting
 * Level 19.4(24.4) Long Blades
 - Level 1.5(6.5) Throwing
 * Level 10.7(15.7) Armour
 + Level 15.4(20.4) Dodging
 + Level 12.7 Invocations
 + Level 5.4 Evocations


You had 6 spell levels left.
You knew the following spells:

 Your Spells              Type           Power        Failure   Level  Hunger
a - Haste                 Chrm           #.......     100%        6    #######
b - Silence               Hex/Air        #.........   100%        5    ######.


Dungeon Overview and Level Annotations

Branches:
Dungeon (15/15)            Temple (1/1) D:7            Lair (6/6) D:8
  Swamp (4/4) Lair:4        Snake (4/4) Lair:4        Slime (0/5) Lair:5
    Orc (2/2) D:12            Elf (3/3) Orc:2
 Vaults: D:13-14     Depths: D:15

Altars:
Ashenzari
Cheibriados
Dithmenos
Elyvilon
Fedhas
Hepliaklqana
Kikubaaqudgha
Nemelex Xobeh
Okawaru
Ru
Sif Muna
Trog
Uskayaw
Vehumet
Yredelemnul
Zin
The Shining One
Beogh

Shops:
D:8 *   D:9 :   Orc:1 ?   Orc:2 =:!}   Elf:2 !}(

Annotations:
D:13 chonchonts's ghost, journeyman MiFi
D:14 exclusion: ice statue


Innate Abilities, Weirdness & Mutations

Your natural rate of healing is unusually fast.
You have razor-sharp teeth.
You have supernaturally acute eyesight. (SInv)
You can survive without breathing.
You are somewhat resistant to further mutation.
You expend magic power (3 MP) to strengthen your wands.


Message History

The swamp dragon claws you but does no damage.
The swamp dragon tramples you but does no damage.
You slash the swamp dragon! You burn the swamp dragon.
You kill the swamp dragon!
Okawaru accepts your kill.
Unknown command.
You slice the swamp dragon!! You burn the swamp dragon.
The swamp dragon is moderately wounded.
You feel sick. The swamp drake completely misses you.
The swamp dragon bites you!
* * * LOW HITPOINT WARNING * * *
The swamp dragon completely misses you. The swamp dragon closely misses you.
The swamp drake breathes noxious fumes at you.
The noxious blast misses you.
You slash the swamp dragon! You burn the swamp dragon.
The swamp dragon is heavily wounded.
Unknown command.
Unknown command.
You feel better. The swamp dragon bites you!
You die...

♣≈§♣♣♣♣...♣#
≈♣.%<≈♣≈..♣# .....#
♣♣≈......PP♣ .....
♣♣≈.≈≈.≈≈.P♣# ....#
♣.≈≈≈≈≈≈♣.§≈♣# ....#
.§≈≈≈≈≈..†§[.# §..#
≈≈≈≈≈≈≈≈≈≈[†§♣## §§# ♣
≈≈≈≈≈≈≈≈≈≈♣♣≈§§##k##≈≈≈♣
≈≈≈..≈≈≈≈♣♣♣♣♣§§@D§§..♣
≈≈≈≈§...♣♣ ♣♣§♣k♣.≈.♣
≈≈≈≈≈≈.≈♣ ♣§§§§...♣ ♣♣♣
.≈..≈§≈)♣ ♣♣§§...♣♣ ♣≈.
...≈≈≈. ♣≈.≈..♣ ♣.≈ ≈≈≈
≈≈≈≈≈≈. ♣♣≈≈ .≈≈≈≈≈≈
.♣.≈≈ .§≈≈≈≈≈ ♣≈.≈≈
.≈≈≈≈ ♣♣♣.§


You could see a swamp dragon and 2 swamp drakes.

Vanquished Creatures
  Rupert (Orc:2)
  2 deep elf master archers (Elf:3)
  The ghost of zkyp the Severer, an adept HOMo of Beogh (Elf:3)
  A tentacled starspawn (Abyss:5)
  3 thorn hunters (Swamp:4)
  6 greater nagas (Snake:4)
  Donald (Orc:2)
  A frost giant (IceCv)
  7 deep elf sorcerers (Elf:3)
  7 deep elf elementalists
  Nessos (D:12)
  8 deep elf demonologists (Elf:3)
  Azrael (Orc:2)
  7 deep elf annihilators (Elf:3)
  6 deep elf death magi
  4 deep elf high priests (Elf:3)
  9 naga warriors
  A ghost crab (Swamp:4)
  18 hydras
  2 centaur warriors
  2 anacondas
  An ogre mage (Orc:2)
  3 catoblepae (Lair:6)
  11 dancing weapons
  A satyr (Abyss:5)
  14 death yaks
  5 naga sharpshooters
  A thrashing horror (Abyss:5)
  2 shock serpents
  Sonja (Lair:1)
  A wretched star (Abyss:5)
  4 deep elf knights
  5 large abominations
  3 unseen horrors
  7 deep elf archers (Elf:3)
  6 swamp dragons (Swamp:4)
  3 naga ritualists (Snake:4)
  A shambling mangrove (Swamp:4)
  2 necromancers (Elf:1)
  6 hill giants
  A lindwurm (D:14)
  A hornet (Swamp:4)
  3 salamanders
  40 deep elf magi
  4 mana vipers
  4 cyclopes
  2 manticores
  A worldbinder (Abyss:5)
  Joseph (D:10)
  An elephant (D:8)
  13 black mambas
  4 guardian serpents
  6 naga magi
  An ice statue (IceCv)
  A smoke demon (Abyss:5)
  3 gargoyles
  9 spiny frogs
  2 kobold demonologists (D:11)
  3 rime drakes
  6 komodo dragons
  An efreet (Abyss:5)
  A demonic crawler (Abyss:5)
  An ancient zyme (Abyss:5)
  A yaktaur (shapeshifter) (D:14)
  4 guardian mummies (D:13)
  2 trolls
  3 meliai
  A queen bee (D:14)
  14 polar bears (IceCv)
  A two-headed ogre (shapeshifter) (Abyss:5)
  6 two-headed ogres
  3 bog bodies (Swamp:4)
  12 blink frogs
  A raiju (Abyss:5)
  11 hippogriffs
  32 slime creatures
  Prince Ribbit (D:10)
  A shadow (D:13)
  2 air elementals
  A centaur simulacrum (D:15)
  Grum (D:10)
  50 yaks
  A wyvern (D:11)
  2 chaos spawn (Abyss:5)
  8 fire elementals
  6 vampire mosquitoes
  2 basilisks
  2 wargs (Orc:2)
  Edmund (D:6)
  6 hungry ghosts
  43 nagas
  4 swamp worms
  4 insubstantial wisps (Swamp:4)
  A mottled dragon (shapeshifter) (D:13)
  5 hell hounds (Orc:2)
  2 soldier ants
  7 water moccasins
  4 porcupines
  A sky beast (D:12)
  4 ice beasts
  3 black bears
  37 orc warriors
  An eye of draining (D:13)
  6 wasps
  11 swamp drakes
  2 necrophages
  14 centaurs
  14 ogres
  6 crocodiles
  32 wolves
  3 big kobolds (D:11)
  6 elf zombies (Elf:1)
  9 bullfrogs
  2 earth elementals
  3 scorpions
  26 killer bees
  19 wights
  An electric eel (Elf:3)
  2 howler monkeys (D:11)
  6 crimson imps
  A centaur zombie (D:5)
  2 quasits (D:9)
  3 bullfrog zombies
  6 hounds
  6 jellies
  3 centaur skeletons
  16 orc priests
  21 orc wizards
  A small abomination (Abyss:5)
  7 iguanas
  13 worker ants
  8 mummies
  A hound skeleton (D:5)
  A worker ant zombie (D:9)
  4 gnolls (D:6)
  12 adders
  26 river rats
  5 oozes
  2 adder skeletons
  A leopard gecko (D:6)
  89 orcs
  3 bats
  6 goblins
  2 hobgoblins
  12 jackals
  3 quokkas
  4 frilled lizards
  A goblin skeleton (Ossuary)
  A goblin zombie (D:5)
  11 kobolds
  A kobold skeleton (Ossuary)
  A leopard gecko skeleton (D:5)
  2 orc skeletons (Ossuary)
  A quokka skeleton (D:6)
  3 rats
  2 crawling corpses (Elf:3)
  A starspawn tentacle (Abyss:5)
1010 creatures vanquished.

Vanquished Creatures (collateral kills)
  A yak (Lair:1)
1 creature vanquished.

Vanquished Creatures (others)
  A deep elf master archer (Elf:3)
  A deep elf annihilator (Elf:3)
  A spriggan druid (Swamp:4)
  3 swamp dragons (Swamp:4)
  A black mamba (Lair:5)
  A vampire mosquito (Swamp:4)
  A swamp drake (Swamp:4)
  2 orcs
  A plant (Lair:6)
  2 starspawn tentacles (Abyss:5)
14 creatures vanquished.

Grand Total: 1025 creatures vanquished

Notes
Turn   | Place    | Note
-------+----------+-------------------------------------------
     0 | D:1      | 4thArraOfDagon the Vampire Gladiator began the quest for the Orb.
     0 | D:1      | Reached XP level 1. HP: 16/16 MP: 1/1
    39 | D:1      | Reached XP level 2. HP: 18/22 MP: 2/2
   110 | D:2      | jacquesderrida: Shiner
   217 | D:2      | Reached XP level 3. HP: 18/27 MP: 3/3
   343 | D:5      | Entered Level 5 of the Dungeon
   399 | D:5      | Reached skill level 4 in Long Blades
   457 | D:5      | Found a sand-covered staircase.
   460 | D:5      | Reached XP level 4. HP: 29/33 MP: 4/4
   464 | Ossuary  | Entered an ossuary
   607 | D:4      | Noticed an ogre
   629 | D:5      | Reached XP level 5. HP: 14/39 MP: 5/5
   735 | D:6      | Reached skill level 5 in Long Blades
   844 | D:6      | Reached XP level 6. HP: 47/47 MP: 6/6
   874 | D:6      | Reached skill level 5 in Dodging
   915 | D:6      | Reached skill level 6 in Long Blades
   980 | D:7      | Noticed a hippogriff
   983 | D:7      | Reached XP level 7. HP: 38/52 MP: 7/7
   990 | D:7      | Killed a hippogriff
  1019 | D:7      | Found a staircase to the Ecumenical Temple.
  1028 | Temple   | Entered the Ecumenical Temple
  1218 | D:6      | Reached skill level 7 in Long Blades
  1263 | D:5      | Found a bloodstained altar of Trog.
  1263 | D:5      | Found a deep blue altar of Sif Muna.
  1264 | D:5      | Found a sparkling altar of Nemelex Xobeh.
  1264 | D:5      | Found a basalt altar of Yredelemnul.
  1271 | D:5      | Reached XP level 8. HP: 31/61 MP: 8/8
  1276 | D:5      | Found an iron altar of Okawaru.
  1286 | D:5      | Became a worshipper of Warmaster Okawaru
  1567 | D:4      | Reached skill level 1 in Invocations
  1973 | D:6      | Reached skill level 8 in Long Blades
  2007 | D:6      | Reached skill level 5 in Fighting
  2011 | D:6      | Reached * piety under Okawaru
  2057 | D:6      | Noticed Edmund
  2071 | D:6      | Killed Edmund
  2184 | D:6      | Found a glowing golden altar of the Shining One.
  2497 | D:8      | Found Rief's General Store.
  2503 | D:8      | Found a radiant altar of Vehumet.
  2515 | D:8      | Bought a scroll of random uselessness for 12 gold pieces
  2515 | D:8      | Bought a scroll of enchant weapon for 90 gold pieces
  2553 | D:8      | Reached XP level 9. HP: 68/68 MP: 10/10
  2610 | D:8      | Found a basalt altar of Yredelemnul.
  2808 | D:9      | Reached skill level 9 in Long Blades
  2836 | D:9      | Noticed a meliai
  2845 | D:9      | Killed a meliai
  2887 | D:9      | Reached ** piety under Okawaru
  2918 | D:9      | Noticed a deep elf mage
  2926 | D:9      | Killed a deep elf mage
  2944 | D:9      | Noticed a hill giant
  2945 | D:9      | Noticed a troll
  2961 | D:9      | Killed a hill giant
  2961 | D:9      | Reached *** piety under Okawaru
  2961 | D:9      | Reached skill level 10 in Long Blades
  2969 | D:9      | jacquesderrida: hi
  2971 | D:9      | Reached XP level 10. HP: 34/77 MP: 3/13
  2972 | D:9      | jacquesderrida: it me
  3018 | D:9      | jacquesderrida: The +8 bow of Krishna "Sharnga" {speed, Dex+3 SInv}.
  3026 | D:9      | jacquesderrida: I bestow this gift upon you
  3026 | D:9      | jacquesderrida: Me no need
  3085 | D:9      | 4thArraOfDagon: bug
  3085 | D:9      | 4thArraOfDagon: someone entered
  3085 | D:9      | 4thArraOfDagon: have to restart
  3350 | D:10     | Entered Level 10 of the Dungeon
  3508 | D:10     | Noticed an unseen horror
  3511 | D:10     | jacquesderrida: _You finish putting on the +6 leather armour "Madwythress" {Str+7}.
  3520 | D:10     | jacquesderrida: Who is Wythress?
  3522 | D:10     | Killed an unseen horror
  3537 | D:10     | Noticed Joseph
  3545 | D:10     | jacquesderrida: She mad men
  3555 | D:11     | Noticed Grum
  3566 | D:10     | Killed Grum
  3566 | D:10     | Reached **** piety under Okawaru
  3566 | D:10     | Reached skill level 5 in Invocations
  3584 | D:10     | Killed Joseph
  3584 | D:10     | Reached skill level 11 in Long Blades
  3634 | D:9      | Noticed Prince Ribbit
  3747 | D:9      | Found Qoosis's Book Shop.
  4034 | D:11     | Noticed an unseen horror
  4051 | D:11     | Killed an unseen horror
  4129 | D:11     | Noticed a gargoyle
  4230 | D:11     | Reached XP level 11. HP: 59/84 MP: 9/15
  4369 | D:11     | Received a gift from Okawaru
  4618 | D:12     | Reached ***** piety under Okawaru
  4718 | D:12     | Reached skill level 12 in Long Blades
  4885 | D:12     | Noticed Nessos
  4909 | D:12     | Found a staircase to the Orcish Mines.
  4928 | D:12     | HP: 4/86 [Nessos/arrow (6)]
  4943 | D:12     | Killed Nessos
  4943 | D:12     | Received a gift from Okawaru
  4943 | D:12     | Reached skill level 10 in Dodging
  4957 | D:12     | 4thArraOfDagon: sling!
  5002 | D:12     | Got a crystal short sword {pierce}
  5004 | D:12     | Found a roughly hewn altar of Beogh.
  5044 | D:12     | jacquesderrida: sling-a-ling
  5115 | D:12     | Identified the +2 short sword "Vuedishreig" {pierce, rPois MR+ Int+2 Dex+2} (You took it off an orc on level 12 of the Dungeon)
  5117 | D:12     | WWOOOOOO
  5117 | D:12     | murphy: wtf!!
  5117 | D:12     | murphy: that pic
  5122 | D:12     | murphy: what...
  5126 | D:12     | jacquesderrida: Yes
  5135 | D:12     | murphy: what are u?
  5150 | D:12     | jacquesderrida: He dagin
  5225 | D:12     | Noticed a hill giant
  5242 | D:12     | Killed a hill giant
  5254 | D:12     | Noticed a hill giant
  5268 | D:12     | Killed a hill giant
  5269 | D:12     | jacquesderrida: waw
  5453 | D:13     | Noticed chonchonts's ghost (journeyman MiFi)
  5500 | D:13     | Noticed a reaper
  5500 | D:13     | Noticed a reaper
  5500 | D:13     | Noticed a reaper
  5500 | D:13     | Noticed a reaper
  5500 | D:13     | Noticed a reaper
  5501 | D:13     | jacquesderrida: waw
  5501 | D:13     | 4thArraOfDagon: thats mine of exp!
  5501 | D:13     | jacquesderrida: C U R S E S
  5528 | D:13     | Reached XP level 12. HP: 81/94 MP: 11/17
  5533 | D:13     | jacquesderrida: That's an 'ANNIHILATED' death for sure
  5599 | D:12     | jacquesderrida: ??annihilated
  5600 | D:12     | beem: annihilated[1/1]: You had -22 hp or less when you died. Parts of you are all over the dungeon. See also {mangled} and {demolished}.
  5641 | D:12     | jacquesderrida: ??demolished
  5645 | D:12     | beem: demolished[1/1]: You had from -14 to -21 hit points when you died. See also {mangled} and {annihilated}.
  5673 | D:12     | jacquesderrida: ??mangled
  5677 | D:12     | beem: mangled[1/2]: You had less than -5 hp when you died. See also {demolished} and {annihilated}.
  5763 | D:13     | Reached skill level 13 in Long Blades
  5852 | D:13     | ty
  5996 | D:13     | Noticed a centaur warrior
  6013 | D:13     | Killed a centaur warrior
  6541 | D:15     | Entered Level 15 of the Dungeon
  6786 | D:15     | Noticed a centaur warrior
  6791 | D:15     | Killed a centaur warrior
  6791 | D:15     | Reached skill level 14 in Long Blades
  7059 | D:14     | Reached XP level 13. HP: 83/101 MP: 13/19
  7067 | D:14     | Received a gift from Okawaru
  7067 | D:14     | Reached ****** piety under Okawaru
  7069 | D:14     | :O
  7278 | Orc:1    | Entered Level 1 of the Orcish Mines
  7376 | Orc:1    | Found Ubill's Magic Scroll Shop.
  7397 | Orc:1    | Bought a scroll of enchant weapon for 120 gold pieces
  7397 | Orc:1    | Bought a scroll of blinking for 120 gold pieces
  7397 | Orc:1    | Bought a scroll of magic mapping for 56 gold pieces
  7455 | Orc:2    | Entered Level 2 of the Orcish Mines
  7517 | Orc:2    | Noticed Azrael
  7530 | Orc:2    | Killed Azrael
  7631 | Orc:1    | Noticed an ettin
  7679 | Orc:2    | Noticed Donald
  7688 | Orc:2    | Killed Donald
  7693 | Orc:2    | jacquesderrida: Shiner
  7828 | Orc:2    | jacquesderrida: wew
  7834 | Orc:2    | 4thArraOfDagon: smite
  7835 | Orc:2    | Reached skill level 10 in Fighting
  7836 | Orc:2    | HP: 4/102 [orc warrior/tomahawk (7)]
  7839 | Orc:2    | jacquesderrida: pls mistar orak
  7847 | Orc:2    | HP: 4/153 [orc warrior/mace (7)]
  8471 | Orc:2    | Found Poetis's Distillery.
  8471 | Orc:2    | Found Binlius's Book Shoppe.
  8473 | Orc:2    | Found Zuuda's Jewellery Emporium.
  8475 | Orc:2    | Found Leygg's Gadget Shop.
  8484 | Orc:2    | 4thArraOfDagon: :D
  8530 | Orc:2    | Bought a wand of hasting (1/9) for 420 gold pieces
  8532 | Orc:2    | Bought 2 potions of heal wounds for 170 gold pieces
  8532 | Orc:2    | Bought a potion of agility for 68 gold pieces
  8532 | Orc:2    | Bought 2 potions of agility for 136 gold pieces
  8532 | Orc:2    | Bought a potion of brilliance for 68 gold pieces
  8742 | D:10     | Reached skill level 15 in Long Blades
  8745 | D:10     | Killed Prince Ribbit
  8944 | D:8      | Found a staircase to the Lair.
  8982 | Lair:1   | Entered Level 1 of the Lair of Beasts
  9337 | Lair:2   | HP: 5/102 [water moccasin (7)]
  9342 | Lair:2   | HP: 3/103 [poisoned by a water moccasin]
  9347 | Lair:2   | HP: 3/103 [poisoned by a water moccasin]
  9352 | Lair:2   | HP: 3/103 [poisoned by a water moccasin]
  9359 | Lair:2   | HP: 4/103 [poisoned by a water moccasin]
  9687 | Lair:4   | Found a frozen archway.
  9691 | Lair:4   | Received a gift from Okawaru
  9695 | Lair:4   | :O
  9702 | IceCv    | Entered an ice cave
  9927 | IceCv    | Received a gift from Okawaru
  9975 | IceCv    | Reached XP level 14. HP: 68/110 MP: 19/21
 10317 | IceCv    | Noticed a frost giant
 10332 | IceCv    | jacquesderrida: deng
 10335 | IceCv    | jacquesderrida: ice mang
 10347 | IceCv    | Killed a frost giant
 10400 | IceCv    | 4thArraOfDagon: OP
 10417 | IceCv    | 4thArraOfDagon: loo
 10419 | IceCv    | jacquesderrida: Eeeeek
 10423 | IceCv    | :O
 10486 | Lair:4   | Found a staircase to the Snake Pit.
 10542 | Lair:4   | jacquesderrida: Snekkks
 10586 | Lair:4   | Found a staircase to the Swamp.
 10644 | Lair:5   | Found a staircase to the Slime Pits.
 10651 | Lair:5   | Reached skill level 16 in Long Blades
 10762 | Lair:5   | Received a gift from Okawaru
 10765 | Lair:5   | :o
 10790 | Lair:5   | jacquesderrida: ooooo
 10819 | Lair:5   | jacquesderrida: THANK
 10861 | Lair:6   | Entered Level 6 of the Lair of Beasts
 10911 | Lair:6   | Identified a scroll of acquirement
 10946 | Lair:6   | jacquesderrida: oooooaaa
 11130 | Lair:6   | Reached skill level 1 in Armour
 11170 | Lair:6   | Reached skill level 10 in Invocations
 11410 | Lair:6   | :O
 11416 | Lair:6   | jacquesderrida: waw
 11426 | Lair:6   | 4thArraOfDagon: `:O
 11434 | Lair:6   | jacquesderrida: >>>>>>>>>>>>>>>>>>>>>>>>>>>>>>>these itens
 11451 | Lair:6   | jacquesderrida: D: D: D:
 11619 | Lair:5   | 4thArraOfDagon: barelly killing frogs
 11681 | Lair:5   | jacquesderrida: Dats gud
 11718 | Lair:4   | jacquesderrida: >>>>>>>>>>>>>>>>>>>>>>>>>>>>>>>>killing frags
 11735 | Lair:4   | jacquesderrida: >>>>>>>>>>>>>>>>>>>>>>>>>>>>>>>>>>ever
 11745 | Lair:4   | jacquesderrida: Reeeeee!!
 11865 | Lair:2   | Learned a level 6 spell: Haste
 11871 | Lair:2   | Learned a level 5 spell: Silence
 11925 | Lair:1   | Noticed Sonja
 11946 | Lair:1   | Killed Sonja
 12247 | Orc:2    | Noticed Rupert
 12266 | Orc:2    | Killed Rupert
 12266 | Orc:2    | Reached XP level 15. HP: 87/119 MP: 15/22
 12296 | Orc:2    | Reached skill level 1 in Evocations
 12392 | Orc:2    | Found a staircase to the Elven Halls.
 12462 | Elf:1    | Entered Level 1 of the Elven Halls
 12473 | Elf:1    | Received a gift from Okawaru
 12656 | Elf:1    | Identified the Tome of Unholy Arts
 12692 | Elf:1    | Reached skill level 5 in Armour
 12916 | Elf:2    | Found Muojaeg's Distillery.
 12922 | Elf:2    | Bought a potion of might for 52 gold pieces
 12922 | Elf:2    | Bought a potion of curing for 39 gold pieces
 12922 | Elf:2    | Bought a potion of curing for 39 gold pieces
 12922 | Elf:2    | Bought a potion of curing for 39 gold pieces
 12935 | Elf:2    | Found Fyoxez's Gadget Emporium.
 12940 | Elf:2    | Bought a wand of heal wounds (2/9) for 576 gold pieces
 13048 | Elf:3    | Entered Level 3 of the Elven Halls
 13083 | Elf:3    | Noticed a Tzitzimitl
 13089 | Elf:3    | Reached skill level 17 in Long Blades
 13480 | Elf:2    | Found Voaloy's Weapon Shoppe.
 13483 | Elf:2    | :O
 13649 | Elf:3    | Received a gift from Okawaru
 13650 | Elf:3    | :O
 13852 | Elf:3    | Noticed a deep elf master archer
 13871 | Elf:3    | Killed a deep elf master archer
 13908 | Elf:3    | Noticed a deep elf sorcerer
 13909 | Elf:3    | Cast into level 4 of the Abyss (a deep elf sorcerer)
 13929 | Abyss:4  | Found a basalt altar of Yredelemnul.
 13929 | Abyss:4  | Found a hazy altar of Hepliaklqana.
 13929 | Abyss:4  | Found a sparkling altar of Nemelex Xobeh.
 13929 | Abyss:4  | Found a bloodstained altar of Trog.
 13929 | Abyss:4  | Found a burning altar of Makhleb.
 13929 | Abyss:4  | Found a glowing golden altar of the Shining One.
 13930 | Abyss:4  | Found an iron altar of Okawaru.
 13930 | Abyss:4  | Found an opulent altar of Gozag.
 13930 | Abyss:4  | Found a hide-covered altar of Uskayaw.
 13930 | Abyss:4  | Found a white marble altar of Elyvilon.
 13961 | Abyss:4  | HP: 5/119 [blizzard demon/freezing blast (2)]
 13962 | Abyss:5  | Entered Level 5 of the Abyss
 13986 | Abyss:5  | jacquesderrida: waw
 13992 | Abyss:5  | jacquesderrida: o.o;
 14211 | Abyss:5  | Noticed a ghost moth
 14382 | Abyss:5  | Noticed a tentacled starspawn
 14393 | Abyss:5  | Killed a tentacled starspawn
 14393 | Abyss:5  | Reached XP level 16. HP: 69/125 MP: 19/19
 14471 | Abyss:5  | Noticed a hellephant
 14582 | Elf:3    | Escaped the Abyss
 14583 | Elf:3    | wb
 14631 | Elf:3    | Noticed an Executioner
 14691 | Elf:3    | Noticed zkyp's ghost (adept HOMo)
 14708 | Elf:3    | Noticed a deep elf master archer
 14823 | Elf:3    | Reached skill level 18 in Long Blades
 14946 | Elf:3    | Killed zkyp's ghost
 14946 | Elf:3    | Received a gift from Okawaru
 14947 | Elf:3    | :O
 15311 | Elf:3    | Noticed an Executioner
 15361 | Elf:3    | Noticed a deep elf master archer
 15369 | Elf:3    | Killed a deep elf master archer
 15381 | Elf:3    | Killed a deep elf master archer
 15707 | Elf:3    | Reached XP level 17. HP: 131/131 MP: 22/25
 15748 | Elf:3    | Got a pair of ancient boots
 15759 | Elf:3    | Identified the +0 pair of boots of Jemeasch {rElec} (You found it on level 3 of the Elven Halls)
 15759 | Elf:3    | :(
 15776 | Elf:3    | Got a fine ring mail
 15797 | Elf:3    | arkorax: wtf is that tile?
 15812 | Elf:3    | jacquesderrida: it me
 15812 | Elf:3    | jacquesderrida: jaq
 15835 | Elf:3    | Got a glittering zirconium amulet
 15840 | Elf:3    | jacquesderrida: Get ready for itan
 15840 | Elf:3    | Identified the amulet "Pezughag" {Inacc rElec MP-9 Stlth+} (You found it on level 3 of the Elven Halls)
 15841 | Elf:3    | jacquesderrida: wow
 15851 | Elf:3    | Identified the +6 ring mail of Hedonism {rPois MP+9 Int+3 Dex-3} (You found it on level 3 of the Elven Halls)
 15851 | Elf:3    | jacquesderrida: meng rly
 15851 | Elf:3    | 4thArraOfDagon: rpois!
 15851 | Elf:3    | arkorax: heyo jaq
 15859 | Elf:3    | jacquesderrida: Bad itans smh
 15871 | Elf:3    | jacquesderrida: WEW
 15891 | Elf:3    | tstbtto: !log qw
 15892 | Elf:3    | beem: 7155. qw, XL13 DDVM, T:14976: http://crawl.akrasiac.org/rawdata/qw/morgue-qw-20160918-161102.txt
 16035 | Elf:2    | Bought 2 potions of haste for 260 gold pieces
 16035 | Elf:2    | Bought a potion of haste for 130 gold pieces
 16035 | Elf:2    | Bought a potion of haste for 130 gold pieces
 16035 | Elf:2    | Bought a potion of cancellation for 104 gold pieces
 16035 | Elf:2    | Bought a potion of brilliance for 52 gold pieces
 16035 | Elf:2    | Bought a potion of berserk rage for 65 gold pieces
 16035 | Elf:2    | Bought a potion of berserk rage for 65 gold pieces
 16035 | Elf:2    | Bought a potion of mutation for 32 gold pieces
 16035 | Elf:2    | Gained mutation: You are somewhat resistant to further mutation. [potion of mutation]
 16035 | Elf:2    | Gained mutation: You expend magic power (3 MP) to strengthen your wands. [potion of mutation]
 16441 | Snake:1  | Entered Level 1 of the Snake Pit
 17113 | Snake:4  | Entered Level 4 of the Snake Pit
 17325 | Snake:4  | Received a gift from Okawaru
 17327 | Snake:4  | Got a crude great sword {god gift}
 17340 | Snake:4  | Reached skill level 15 in Dodging
 17362 | Snake:4  | Identified the +1 great sword of Velyute {freeze, MP+9 Int+3} (Okawaru gifted it to you on level 4 of the Snake Pit)
 17367 | Snake:4  | :O
 17680 | Snake:4  | Reached skill level 19 in Long Blades
 17727 | Snake:4  | Reached skill level 10 in Armour
 18023 | Snake:4  | Got a serpentine rune of Zot
 18419 | Swamp:1  | Entered Level 1 of the Swamp
 18631 | Swamp:4  | Entered Level 4 of the Swamp
 18853 | Swamp:4  | Reached skill level 5 in Evocations
 18980 | Swamp:4  | Reached XP level 18. HP: 128/138 MP: 27/27
 19177 | Swamp:4  | Received a gift from Okawaru
 19210 | Swamp:4  | Got a heavily runed chain mail {god gift}
 19283 | Swamp:4  | jacquesderrida: DARGANS
 19286 | Swamp:4  | HP: 3/138 [swamp dragon (16)]
 19288 | Swamp:4  | Slain by a swamp dragon

Vault maps used:
D:1:      evilmike_arrival_hilbert_curve
D:2:      first_bread
D:5:      grunt_temple_overflow_open, amethyst_overflow_temple_binary,
          nicolae_ossuary_entry_giza, serial_shops, shop
D:6:      kennysheep_nub, minmay_door_square, nicolae_tso_carved_into_rock,
          uniq_edmund
D:7:      grunt_temple_overflow_champion_of_chaos
D:8:      kennysheep_mini_moat, david_lair_generic, serial_shops,
          kennysheep_mini, shop, hangedman_little_slice_of_home,
          yredelemnul_altar_generic
D:9:      hangedman_cross_veins, serial_shops, shop_statue, uniq_prince_ribbit1
D:10:     uniq_joseph
D:11:     serial_glass, glass_columns_a, glass_columns_c, uniq_grum
D:12:     minmay_orc_entry_temple_small, uniq_josephine, uniq_nessos
D:13:     minmay_guarded_unrand_curses
D:14:     david_vaults_4, special_room, kennysheep_big_empty_room, spider_trap,
          minivault_16
D:15:     gammafunk_enter_depths_forms, hangedman_decor_points, serial_shops,
          nicolae_shop_behind_doors, serial_bayou_ford_a,
          minmay_misc_feat_encased, spider_trap, minivault_4
Temple:   minmay_temple_curvy_loop
Lair:1:   uniq_gastronok, uniq_sonja
Lair:2:   beast_lair_carwin_large_4, special_room
Lair:3:   beast_lair_carwin_large_3, bh_autumn_forest_stairs
Lair:4:   minmay_lair_oklob_items, swamp_mist_pool,
          minmay_snake_entry_guardpost_small, portal_ice_cave_rime
Lair:5:   nicolae_slime_entry_slimehenge, grunt_megastairs_4, uniq_urug
Lair:6:   evilmike_catoblepas_cave
Swamp:1:  evilmike_swamp_ruin_house_2
Swamp:2:  evilmike_swamp_ruin_house_3
Swamp:3:  serial_swamp_ruin, hangedman_swamp_ruin_wall,
          evilmike_swamp_ruin_house_5, evilmike_swamp_ruin_house_6, swamp_pool1,
          infiniplex_staircase_pool
Swamp:4:  swamp, swamp_pool5, hangedman_swamp_diagram,
          infiniplex_staircase_pool_2
Snake:1:  uniq_aizul
Snake:2:  serial_shops, nicolae_shop_stone, st_stairs_14, grunt_ministairs_2
Snake:3:  grunt_megastairs_2, lemuel_fruit_tree, serial_bayou_shore_b,
          minmay_shoptagon
Snake:4:  minmay_snake_end_coiled, uniq_louise
Orc:1:    serial_shops, nicolae_shop_stone, shop, nicolae_shop_behind_doors,
          shop_scrolls
Orc:2:    st_orc_rangers, minmay_orc_keep, uniq_donald, uniq_azrael, uniq_rupert
Elf:1:    eino_elf_arrival_customs, serial_shops, shop, minmay_elf_necromancy,
          small_chamber_with_monster, spider_trap
Elf:2:    serial_shops, nicolae_shop_trees, shop, shop, shop, shop,
          uniq_asterion
Elf:3:    minmay_elf_hall_hex, fountainhead
Abyss:4:  evilmike_abyss_exit_4, bh_abyss_negative, abyss_greek_temple,
          hangedman_abyss_rune_macabre_mess, bh_abyss_exit_grid,
          evilmike_abyss_exit_glass
Abyss:5:  hangedman_abyss_stitches_cave, grunt_abyss_rune_wretched_hive,
          evilmike_abyss_exit_1
Ossuary:  ossuary_due_small_catacomb
IceCv:    ice_cave_caverns_02

Skill      XL: |  1  2  3  4  5  6  7  8  9 10 11 12 13 14 15 16 17 |
---------------+----------------------------------------------------+-----
Fighting       | 2 3 4 5 6 7 8 9 10 11 | 11.6
Long Blades    | 4 5 6 7 8 10 11 12 14 15 16 17 18 19 | 19.4
Dodging        | 4 5 6 7 8 9 10 11 12 13 14 15 | 15.4
Invocations    | 2 4 5 7 8 9 10 11 12 | 12.7
Armour         | 3 6 9 10 | 10.7
Evocations     | 2 5 |  5.4
Throwing       | |  1.5

Action                   |  1- 3 |  4- 6 |  7- 9 | 10-12 | 13-15 | 16-18 || total
-------------------------+-------+-------+-------+-------+-------+-------++-------
Melee: Long sword        |   109 |   132 |   383 |   453 |       |       ||  1077
       Bite              |     4 |    22 |    45 |   148 |   207 |   161 ||   587
       Punch             |       |       |     3 |    16 |     6 |     9 ||    34
       Great sword       |       |       |       |   364 |   842 |   948 ||  2154
       Scimitar          |       |       |       |   325 |   785 |   327 ||  1437
Throw: Throwing net      |       |     1 |     1 |       |     3 |       ||     5
Invok: Heroism           |       |       |     7 |    46 |    70 |    51 ||   174
       Finesse           |       |       |       |     3 |    12 |     6 ||    21
Evoke: Wand              |       |       |     2 |    11 |    20 |     5 ||    38
       Box of beasts     |       |       |       |       |       |     2 ||     2
       Phantom mirror    |       |       |       |       |       |     1 ||     1
  Use: Scroll            |     2 |     4 |     4 |     8 |    29 |     5 ||    52
       Potion            |     1 |     1 |     7 |    22 |    38 |    31 ||   100
 Stab: Held in net/web   |       |     1 |       |       |       |       ||     1
       Paralysed         |       |     2 |     6 |    12 |       |       ||    20
       Petrifying        |       |       |     2 |     7 |       |       ||     9
       Petrified         |       |       |     1 |     8 |     5 |       ||    14
       Distracted        |       |       |       |       |     3 |       ||     3
       Invisible         |       |       |       |       |       |     1 ||     1
       Confused          |       |       |       |       |       |     3 ||     3
       Sleeping          |       |       |       |       |       |     1 ||     1
  Eat: Corpse            |     7 |     2 |     6 |    10 |    26 |     8 ||    59
Armor: Leather armour    |    30 |       |       |       |       |       ||    30
       Chain mail        |       |    56 |   175 |   379 |    31 |       ||   641
       Plate armour      |       |       |       |       |   610 |   109 ||   719
       Ring mail         |       |       |       |       |       |   209 ||   209
Dodge: Dodged            |    68 |    44 |   124 |   492 |   636 |   706 ||  2070
